[ AOE2 MATCH · #474157751 ]
UnrankedBerbers vs Gurjaras
[ REPLAY ANALYSIS · EXTRACTED FROM THE RECORDED GAME ]
Feudal
—
Castle
16:38
Imperial
33:45
| APM avg | 29.5 |
| APM peak | 76 |
| eAPM avg | 17.0 |
| Villagers / military | 152 / 267 |
Focus
⚔️ 38.6% · 🌾 61.4%
Scout Cavalry ×150 · Camel Archer ×81 · Trebuchet (Packed) ×34 · Trade Cart ×15 · Monk ×1 · Transport Ship ×1
Feudal
—
Castle
25:48
Imperial
42:57
| APM avg | 12.4 |
| APM peak | 29 |
| eAPM avg | 11.0 |
| Villagers / military | 94 / 153 |
Focus
⚔️ 38.0% · 🌾 62.0%
War Elephant ×122 · Trade Cart ×27 · Knight ×20 · Trebuchet (Packed) ×11
Feudal
—
Castle
21:43
Imperial
41:13
| APM avg | 10.6 |
| APM peak | 46 |
| eAPM avg | 8.3 |
| Villagers / military | 124 / 196 |
Focus
⚔️ 29.2% · 🌾 70.8%
Longbowman ×185 · Trade Cart ×38 · Trebuchet (Packed) ×10 · Genitour ×1
Feudal
—
Castle
12:13
Imperial
33:18
| APM avg | 19.7 |
| APM peak | 47 |
| eAPM avg | 15.0 |
| Villagers / military | 122 / 296 |
Focus
⚔️ 44.2% · 🌾 55.8%
Militia ×150 · Cannon Galleon ×68 · Trade Cart ×59 · Karambit Warrior ×40 · Bombard Cannon ×23 · Mangonel ×6
Feudal
—
Castle
15:59
Imperial
32:55
| APM avg | 29.5 |
| APM peak | 70 |
| eAPM avg | 21.5 |
| Villagers / military | 138 / 368 |
Focus
⚔️ 48.5% · 🌾 51.5%
Conquistador ×205 · Fire Galley ×107 · Trade Cart ×37 · Cannon Galleon ×37 · Bombard Cannon ×19 · Fishing Ship ×9
Feudal
—
Castle
16:22
Imperial
22:53
| APM avg | 38.0 |
| APM peak | 95 |
| eAPM avg | 26.0 |
| Villagers / military | 113 / 145 |
Focus
⚔️ 35.2% · 🌾 64.8%
Fire Lancer ×65 · Turtle Ship ×58 · Cannon Galleon ×22 · Fishing Ship ×18 · Trade Cart ×11
Feudal
—
Castle
—
Imperial
—
| APM avg | 1724.4 |
| APM peak | 8154 |
| eAPM avg | 1723.8 |
| Villagers / military | 0 / 1023 |
Focus
⚔️ 60.2% · 🌾 39.8%
Scout Cavalry ×320 · Chakram Thrower ×237 · Camel Scout ×191 · Hand Cannoneer ×154 · Skirmisher ×63 · Galley ×18
Feudal
—
Castle
—
Imperial
—
| APM avg | 1102.0 |
| APM peak | 6278 |
| eAPM avg | 1101.3 |
| Villagers / military | 0 / 543 |
Focus
⚔️ 79.8% · 🌾 20.2%
Organ Gun ×228 · Spearman ×143 · Archer ×50 · Skirmisher ×29 · Caravel ×20 · Monk ×17
Match map
Initial resources + every placement click. Lines = walls · curves = elevation contours. ◆ gold · ⬟ stone · ● berries · ✦ relic · ◌ wall gap
Your base· ✓ Map-separated
Emzia's base· ✓ Map-separated
Akuta's base· ✓ Map-separated
Hagbardur's base· ✓ Map-separated
volthe25's base· ✓ Map-separated
DK | MF's base· ✓ Map-separated
's base· ✓ Map-separated
's base· ✓ Map-separated
Smoothed initial terrain · ◌ = detected wall gap · hover for details
Inputs per minute
— Iguanarama - - Emzia
Build order — Iguanarama
First 150 of 470 actions detected
| 0:01 | Create | Villager (Male) |
| 0:02 | Build | House |
| 0:04 | Build | House |
| 0:04 | Create | Villager (Male) |
| 0:05 | Create | Villager (Male) |
| 0:06 | Create | Villager (Male) |
| 1:24 | Create | Villager (Male) |
| 2:01 | Create | Villager (Male) |
| 2:13 | Build | Lumber Camp |
| 2:19 | Create | Villager (Male) |
| 2:47 | Create | Villager (Male) |
| 2:57 | Build | Stone Wall |
| 3:02 | Create | Villager (Male) |
| 3:33 | Create | Villager (Male) |
| 3:51 | Create | Villager (Male) |
| 4:00 | Build | House |
| 4:17 | Build | Mill |
| 4:29 | Create | Villager (Male) |
| 5:06 | Create | Villager (Male) |
| 5:08 | Create | Villager (Male) |
| 5:13 | Research | Double-Bit Axe |
| 5:30 | Create | Villager (Male) |
| 5:30 | Create | Villager (Male) |
| 6:02 | Build | Stone Wall |
| 6:03 | Create | Villager (Male) |
| 6:03 | Create | Villager (Male) |
| 6:28 | Create | Villager (Male) |
| 6:50 | Build | House |
| 6:53 | Research | Horse Collar |
| 7:06 | Build | Farm |
| 7:13 | Create | Villager (Male) |
| 7:43 | Build | Farm |
| 7:50 | Create | Villager (Male) |
| 7:57 | Build | House |
| 8:28 | Build | Farm |
| 8:31 | Create | Villager (Male) |
| 8:31 | Create | Villager (Male) |
| 8:51 | Build | House |
| 8:57 | Build | Lumber Camp |
| 9:03 | Build | Mining Camp |
| 9:16 | Create | Villager (Male) |
| 9:16 | Create | Villager (Male) |
| 9:19 | Build | House |
| 9:30 | Build | Farm |
| 9:48 | Build | Gate |
| 9:58 | Build | Farm |
| 10:06 | Create | Villager (Male) |
| 10:27 | Build | Farm |
| 10:45 | Create | Villager (Male) |
| 10:46 | Create | Villager (Male) |
| 10:46 | Create | Villager (Male) |
| 11:02 | Build | Stone Wall |
| 11:15 | Build | Mining Camp |
| 11:52 | Research | Stone Mining |
| 12:04 | Build | Stone Wall |
| 12:13 | Create | Villager (Male) |
| 12:13 | Create | Villager (Male) |
| 12:24 | Build | Gate |
| 13:03 | Build | Blacksmith |
| 13:05 | Build | Market |
| 13:08 | Create | Villager (Male) |
| 13:21 | Build | Stone Wall |
| 13:23 | Create | Villager (Male) |
| 13:31 | Build | Farm |
| 13:58 | Research | Castle Age |
| 14:06 | Build | Farm |
| 14:41 | Research | Gold Mining |
| 14:53 | Build | House |
| 16:08 | Build | Stone Wall |
| 16:23 | Create | Villager (Male) |
| 16:23 | Create | Villager (Male) |
| 16:38 | Age | Castle Age |
| 16:40 | Build | Town Center |
| 16:41 | Research | Bow Saw |
| 16:44 | Build | Town Center |
| 16:45 | Build | Town Center |
| 16:47 | Research | Heavy Plow |
| 17:09 | Build | Farm |
| 17:32 | Create | Villager (Male) |
| 17:32 | Create | Villager (Male) |
| 17:46 | Build | House |
| 17:55 | Research | Stone Shaft Mining |
| 18:00 | Create | Villager (Male) |
| 18:15 | Create | Villager (Male) |
| 18:15 | Create | Villager (Male) |
| 18:21 | Create | Villager (Male) |
| 18:21 | Create | Villager (Male) |
| 18:22 | Create | Villager (Male) |
| 18:22 | Create | Villager (Male) |
| 18:22 | Create | Villager (Male) |
| 18:31 | Build | Town Center |
| 18:39 | Build | Farm |
| 18:40 | Build | Farm |
| 18:43 | Build | Farm |
| 18:44 | Create | Villager (Male) |
| 18:45 | Create | Villager (Male) |
| 18:49 | Create | Villager (Male) |
| 18:49 | Create | Villager (Male) |
| 18:54 | Build | Farm |
| 18:56 | Build | Farm |
| 19:00 | Build | Farm |
| 19:11 | Build | Farm |
| 19:14 | Create | Villager (Male) |
| 19:14 | Create | Villager (Male) |
| 19:15 | Create | Villager (Male) |
| 19:15 | Create | Villager (Male) |
| 19:20 | Build | Farm |
| 19:29 | Build | Farm |
| 19:31 | Build | Farm |
| 19:32 | Create | Villager (Male) |
| 19:36 | Build | Farm |
| 19:40 | Build | Farm |
| 19:42 | Build | Farm |
| 19:43 | Create | Villager (Male) |
| 19:43 | Create | Villager (Male) |
| 19:43 | Create | Villager (Male) |
| 19:51 | Build | Farm |
| 19:52 | Build | Farm |
| 19:54 | Create | Villager (Male) |
| 19:54 | Create | Villager (Male) |
| 19:54 | Create | Villager (Male) |
| 19:55 | Create | Villager (Male) |
| 19:59 | Build | Farm |
| 20:03 | Build | Farm |
| 20:12 | Build | Farm |
| 20:17 | Build | Farm |
| 20:21 | Build | Farm |
| 20:22 | Create | Villager (Male) |
| 20:23 | Create | Villager (Male) |
| 20:24 | Create | Villager (Male) |
| 20:24 | Create | Villager (Male) |
| 20:31 | Build | Farm |
| 20:35 | Build | Farm |
| 20:41 | Build | Farm |
| 20:49 | Create | Villager (Male) |
| 20:55 | Build | House |
| 20:58 | Build | House |
| 20:59 | Build | House |
| 21:01 | Build | House |
| 21:02 | Build | House |
| 21:06 | Build | House |
| 21:07 | Build | House |
| 21:08 | Build | House |
| 21:09 | Build | House |
| 21:11 | Create | Villager (Male) |
| 21:11 | Create | Villager (Male) |
| 21:11 | Create | Villager (Male) |
| 21:13 | Create | Villager (Male) |
| 21:15 | Build | Farm |
| 21:20 | Build | Farm |
Build order — Emzia
First 150 of 441 actions detected
| 0:03 | Create | Villager (Male) |
| 0:03 | Create | Villager (Male) |
| 0:03 | Create | Villager (Male) |
| 0:04 | Create | Villager (Male) |
| 0:09 | Build | House |
| 0:10 | Build | House |
| 0:11 | Build | House |
| 0:12 | Build | House |
| 0:21 | Create | Villager (Male) |
| 1:41 | Create | Villager (Male) |
| 2:23 | Create | Villager (Male) |
| 2:39 | Create | Villager (Male) |
| 3:02 | Build | Mill |
| 3:05 | Create | Villager (Male) |
| 3:48 | Create | Villager (Male) |
| 3:48 | Create | Villager (Male) |
| 5:10 | Build | Stone Wall |
| 5:39 | Create | Villager (Male) |
| 5:39 | Create | Villager (Male) |
| 5:39 | Create | Villager (Male) |
| 5:40 | Create | Villager (Male) |
| 6:23 | Build | Lumber Camp |
| 7:24 | Create | Villager (Male) |
| 7:24 | Create | Villager (Male) |
| 7:25 | Create | Villager (Male) |
| 7:25 | Create | Villager (Male) |
| 7:38 | Create | Villager (Male) |
| 8:15 | Build | Stone Wall |
| 8:34 | Build | Gate |
| 9:12 | Create | Villager (Male) |
| 9:13 | Create | Villager (Male) |
| 9:13 | Create | Villager (Male) |
| 9:13 | Create | Villager (Male) |
| 9:13 | Create | Villager (Male) |
| 9:13 | Create | Villager (Male) |
| 9:21 | Build | Mill |
| 9:31 | Create | Villager (Male) |
| 9:45 | Build | House |
| 9:46 | Build | House |
| 9:47 | Build | House |
| 10:35 | Build | Stone Wall |
| 11:21 | Build | Stone Wall |
| 11:27 | Build | Stone Wall |
| 11:44 | Create | Villager (Male) |
| 11:50 | Build | House |
| 12:06 | Create | Villager (Male) |
| 12:17 | Build | Mining Camp |
| 12:19 | Create | Villager (Male) |
| 12:24 | Build | Mining Camp |
| 12:30 | Create | Villager (Male) |
| 12:38 | Research | Double-Bit Axe |
| 12:43 | Create | Villager (Male) |
| 13:44 | Create | Villager (Male) |
| 13:44 | Create | Villager (Male) |
| 13:55 | Create | Villager (Male) |
| 15:22 | Create | Villager (Male) |
| 15:22 | Create | Villager (Male) |
| 15:33 | Create | Villager (Male) |
| 15:34 | Create | Villager (Male) |
| 15:48 | Build | Farm |
| 15:48 | Build | Farm |
| 15:49 | Build | Farm |
| 15:49 | Build | Farm |
| 15:49 | Build | Farm |
| 16:03 | Build | Stone Wall |
| 16:08 | Build | Stone Wall |
| 16:22 | Create | Villager (Male) |
| 16:22 | Create | Villager (Male) |
| 16:32 | Create | Villager (Male) |
| 16:46 | Create | Villager (Male) |
| 16:57 | Build | Farm |
| 16:59 | Create | Villager (Male) |
| 17:11 | Build | Farm |
| 17:19 | Build | Farm |
| 17:54 | Build | Gate |
| 18:03 | Build | Farm |
| 18:03 | Build | Farm |
| 18:03 | Build | Farm |
| 18:03 | Build | Farm |
| 18:04 | Build | Farm |
| 18:04 | Build | Farm |
| 18:04 | Build | Farm |
| 18:21 | Build | House |
| 18:26 | Build | Blacksmith |
| 18:40 | Research | Horse Collar |
| 18:59 | Build | House |
| 19:01 | Build | House |
| 19:03 | Build | House |
| 19:26 | Build | Market |
| 19:35 | Create | Villager (Male) |
| 19:36 | Create | Villager (Male) |
| 19:36 | Create | Villager (Male) |
| 19:56 | Build | Gate |
| 20:29 | Create | Villager (Male) |
| 20:30 | Create | Villager (Male) |
| 20:44 | Create | Villager (Male) |
| 20:53 | Build | Farm |
| 21:12 | Create | Villager (Male) |
| 21:40 | Create | Villager (Male) |
| 21:41 | Create | Villager (Male) |
| 21:41 | Create | Villager (Male) |
| 22:03 | Build | Stone Wall |
| 22:07 | Create | Villager (Male) |
| 22:07 | Create | Villager (Male) |
| 22:32 | Build | Stable |
| 22:48 | Build | Farm |
| 22:49 | Build | Farm |
| 22:49 | Build | Farm |
| 22:49 | Build | Farm |
| 22:49 | Build | Farm |
| 23:05 | Research | Castle Age |
| 23:09 | Create | Villager (Male) |
| 23:09 | Create | Villager (Male) |
| 23:18 | Build | Market |
| 23:39 | Build | Stone Wall |
| 23:44 | Build | Stone Wall |
| 24:01 | Research | Forging |
| 24:01 | Research | Scale Barding Armor |
| 24:09 | Research | Bloodlines |
| 24:20 | Build | Lumber Camp |
| 24:26 | Research | Stone Mining |
| 24:27 | Research | Gold Mining |
| 24:41 | Build | Mining Camp |
| 25:44 | Build | Stone Wall |
| 25:48 | Age | Castle Age |
| 26:54 | Build | Stone Wall |
| 27:01 | Create | Villager (Male) |
| 27:02 | Research | Wheelbarrow |
| 27:04 | Create | Villager (Male) |
| 27:04 | Create | Villager (Male) |
| 27:04 | Create | Villager (Male) |
| 27:08 | Research | Husbandry |
| 27:09 | Create | Knight |
| 27:09 | Create | Knight |
| 27:09 | Create | Knight |
| 27:10 | Create | Knight |
| 27:10 | Create | Knight |
| 27:28 | Research | Heavy Plow |
| 27:30 | Research | Bow Saw |
| 27:33 | Research | Stone Shaft Mining |
| 27:43 | Create | Villager (Male) |
| 27:52 | Build | Stone Wall |
| 28:21 | Build | Gate |
| 28:31 | Research | Hand Cart |
| 28:48 | Build | Town Center |
| 29:01 | Build | Farm |
| 29:10 | Create | Knight |
| 29:23 | Build | Stable |
| 29:53 | Create | Villager (Male) |
| 29:53 | Create | Villager (Male) |
Build order — Akuta
First 150 of 246 actions detected
| 0:11 | Build | House |
| 0:11 | Build | House |
| 0:38 | Create | Villager (Male) ×4 |
| 2:04 | Create | Villager (Male) |
| 2:23 | Create | Villager (Male) |
| 3:01 | Create | Villager (Male) |
| 3:32 | Create | Villager (Male) |
| 3:33 | Create | Villager (Male) |
| 3:43 | Build | Mill |
| 4:46 | Build | Stone Wall |
| 4:52 | Build | Stone Wall |
| 5:25 | Build | Stone Wall |
| 5:36 | Create | Villager (Male) ×4 |
| 5:49 | Build | House |
| 5:49 | Build | House |
| 5:50 | Build | House |
| 5:50 | Build | House |
| 6:28 | Create | Villager (Male) ×2 |
| 7:09 | Build | Stone Wall |
| 7:12 | Build | Stone Wall |
| 7:15 | Build | Stone Wall |
| 7:20 | Create | Villager (Male) |
| 7:20 | Create | Villager (Male) |
| 7:30 | Research | Horse Collar |
| 8:16 | Create | Villager (Male) |
| 8:24 | Build | Lumber Camp |
| 9:07 | Research | Double-Bit Axe |
| 9:24 | Create | Villager (Male) ×2 |
| 10:08 | Build | Farm |
| 10:15 | Build | Farm |
| 10:31 | Research | Wheelbarrow |
| 10:54 | Build | Mining Camp |
| 11:08 | Build | Farm |
| 11:16 | Build | Farm |
| 11:22 | Create | Villager (Male) ×3 |
| 11:30 | Build | Farm |
| 11:38 | Build | Farm |
| 12:07 | Create | Villager (Male) ×2 |
| 12:39 | Build | Mining Camp |
| 12:53 | Create | Villager (Male) |
| 13:09 | Build | Farm |
| 13:18 | Build | Farm |
| 13:26 | Build | Farm |
| 13:32 | Build | Farm |
| 13:37 | Build | Farm |
| 13:40 | Create | Villager (Male) ×2 |
| 14:01 | Research | Stone Mining |
| 14:31 | Build | Archery Range |
| 14:37 | Create | Villager (Male) ×5 |
| 14:37 | Create | Villager (Male) |
| 14:51 | Build | House |
| 14:52 | Build | House |
| 14:53 | Build | House |
| 14:59 | Create | Villager (Male) |
| 14:59 | Create | Villager (Male) |
| 15:05 | Research | Gold Mining |
| 15:16 | Build | Farm |
| 16:24 | Create | Villager (Male) ×5 |
| 16:24 | Create | Villager (Male) ×2 |
| 16:35 | Build | Farm |
| 16:39 | Build | Farm |
| 16:43 | Build | Farm |
| 16:57 | Build | Blacksmith |
| 17:06 | Build | Archery Range |
| 17:07 | Build | Archery Range |
| 17:17 | Build | House |
| 17:18 | Build | House |
| 17:18 | Build | House |
| 17:49 | Build | Farm |
| 17:53 | Build | Farm |
| 17:59 | Build | Farm |
| 18:04 | Build | Farm |
| 18:28 | Build | Watch Tower |
| 18:34 | Build | Watch Tower |
| 18:57 | Research | Castle Age |
| 19:06 | Create | Villager (Male) ×5 |
| 19:47 | Build | Market |
| 20:02 | Research | Padded Archer Armor |
| 20:03 | Research | Fletching |
| 20:13 | Research | Forging |
| 21:43 | Age | Castle Age |
| 22:48 | Research | Heavy Plow |
| 22:58 | Build | Town Center |
| 23:03 | Research | Hand Cart |
| 23:06 | Create | Villager (Male) ×5 |
| 23:06 | Create | Villager (Male) ×5 |
| 23:06 | Create | Villager (Male) ×2 |
| 23:22 | Build | Market |
| 24:01 | Research | Bow Saw |
| 24:04 | Research | Gold Shaft Mining |
| 24:47 | Build | University |
| 24:51 | Build | Monastery |
| 24:59 | Create | Villager (Male) ×5 |
| 25:00 | Create | Villager (Male) ×2 |
| 25:18 | Build | Farm |
| 25:24 | Build | Farm |
| 25:29 | Build | Farm |
| 25:33 | Build | Farm |
| 25:38 | Build | Farm |
| 25:51 | Create | Villager (Male) ×5 |
| 25:51 | Create | Villager (Male) ×2 |
| 26:01 | Build | Farm |
| 26:07 | Build | Farm |
| 26:12 | Build | Farm |
| 26:17 | Build | Farm |
| 26:22 | Build | Farm |
| 26:49 | Build | Archery Range |
| 27:43 | Research | Leather Archer Armor |
| 27:43 | Research | Bodkin Arrow |
| 27:44 | Research | Scale Mail Armor |
| 28:10 | Create | Villager (Male) ×5 |
| 28:26 | Build | Lumber Camp |
| 28:53 | Research | Iron Casting |
| 29:21 | Build | House |
| 29:24 | Build | House |
| 29:25 | Build | House |
| 29:26 | Build | House |
| 29:26 | Build | House |
| 29:27 | Build | House |
| 29:27 | Build | House |
| 29:28 | Build | House |
| 29:30 | Build | House |
| 29:31 | Build | House |
| 29:32 | Build | House |
| 29:33 | Build | House |
| 29:34 | Build | House |
| 29:35 | Build | House |
| 29:36 | Build | House |
| 29:36 | Build | House |
| 29:37 | Build | House |
| 29:38 | Build | House |
| 29:38 | Build | House |
| 29:39 | Build | House |
| 29:40 | Build | House |
| 30:29 | Research | Town Watch |
| 30:29 | Research | Town Watch |
| 30:41 | Research | Chain Mail Armor |
| 31:19 | Build | Castle |
| 31:43 | Research | Coinage |
| 31:44 | Research | Caravan |
| 31:44 | Create | Trade Cart ×5 |
| 32:03 | Research | Town Patrol |
| 32:04 | Create | Villager (Male) ×5 |
| 32:04 | Create | Villager (Male) ×5 |
| 32:13 | Create | Villager (Male) ×5 |
| 32:13 | Create | Villager (Male) ×5 |
| 32:22 | Build | Farm |
| 32:28 | Build | Farm |
| 32:35 | Build | Farm |
| 32:40 | Build | Farm |
Build order — Hagbardur
First 150 of 484 actions detected
| 0:02 | Create | Villager (Male) |
| 0:02 | Create | Villager (Male) |
| 0:02 | Create | Villager (Male) |
| 0:03 | Build | House |
| 0:05 | Build | House |
| 0:38 | Create | Villager (Male) |
| 1:30 | Create | Villager (Male) |
| 2:04 | Create | Villager (Male) |
| 2:04 | Create | Villager (Male) |
| 2:11 | Build | Lumber Camp |
| 2:27 | Create | Villager (Male) |
| 2:40 | Build | House |
| 2:46 | Create | Villager (Male) |
| 3:02 | Create | Villager (Male) |
| 4:01 | Create | Villager (Male) |
| 4:01 | Create | Villager (Male) |
| 4:22 | Create | Villager (Male) |
| 5:12 | Create | Villager (Male) |
| 5:35 | Build | Mill |
| 5:36 | Create | Villager (Male) |
| 5:50 | Build | House |
| 6:12 | Create | Villager (Male) |
| 6:12 | Create | Villager (Male) |
| 6:59 | Create | Villager (Male) |
| 7:19 | Create | Villager (Male) |
| 7:28 | Build | Market |
| 7:52 | Create | Villager (Male) |
| 8:02 | Build | Blacksmith |
| 8:10 | Create | Villager (Male) |
| 8:31 | Create | Villager (Male) |
| 8:43 | Build | Mining Camp |
| 8:57 | Build | House |
| 9:05 | Create | Villager (Male) |
| 9:32 | Create | Villager (Male) |
| 9:34 | Create | Villager (Male) |
| 10:37 | Research | Castle Age |
| 10:55 | Build | House |
| 10:56 | Build | House |
| 11:03 | Research | Double-Bit Axe |
| 11:05 | Research | Horse Collar |
| 11:11 | Research | Gold Mining |
| 11:51 | Build | Mining Camp |
| 11:57 | Create | Villager (Male) |
| 12:13 | Age | Castle Age |
| 12:32 | Create | Villager (Male) |
| 12:39 | Research | Bow Saw |
| 12:53 | Create | Villager (Male) |
| 13:09 | Create | Villager (Male) |
| 13:19 | Build | Farm |
| 13:22 | Build | Farm |
| 13:25 | Build | Farm |
| 13:38 | Build | Farm |
| 13:42 | Create | Villager (Male) |
| 14:01 | Create | Villager (Male) |
| 14:09 | Build | Farm |
| 14:32 | Build | Town Center |
| 14:34 | Create | Villager (Male) |
| 15:02 | Create | Villager (Male) |
| 15:10 | Build | Farm |
| 15:27 | Create | Villager (Male) |
| 15:35 | Create | Villager (Male) |
| 15:39 | Create | Villager (Male) |
| 15:40 | Create | Villager (Male) |
| 15:45 | Build | Farm |
| 15:52 | Build | Farm |
| 16:07 | Create | Villager (Male) |
| 16:10 | Build | Farm |
| 16:20 | Build | Farm |
| 16:35 | Build | Castle |
| 16:36 | Create | Villager (Male) |
| 16:36 | Create | Villager (Male) |
| 16:53 | Build | Farm |
| 16:58 | Build | Farm |
| 16:59 | Create | Villager (Male) |
| 17:16 | Build | Dock |
| 17:19 | Create | Villager (Male) |
| 17:27 | Create | Villager (Male) |
| 17:33 | Build | Siege Workshop |
| 17:45 | Build | Farm |
| 17:53 | Create | Villager (Male) |
| 17:58 | Build | House |
| 18:00 | Build | House |
| 18:00 | Build | House |
| 18:01 | Build | House |
| 18:02 | Create | Villager (Male) |
| 18:08 | Build | Monastery |
| 18:09 | Create | Villager (Male) |
| 18:21 | Research | Heavy Plow |
| 18:23 | Create | Villager (Male) |
| 18:36 | Create | Mangonel |
| 18:39 | Create | Villager (Male) |
| 18:39 | Create | Villager (Male) |
| 18:53 | Create | Villager (Male) |
| 19:00 | Create | Mangonel |
| 19:11 | Build | Mining Camp |
| 19:22 | Create | Villager (Male) |
| 19:22 | Create | Villager (Male) |
| 19:33 | Create | Mangonel |
| 19:52 | Create | Villager (Male) |
| 19:52 | Create | Villager (Male) |
| 20:05 | Create | Villager (Male) |
| 20:05 | Create | Villager (Male) |
| 20:11 | Create | Monk |
| 20:13 | Build | House |
| 20:14 | Build | House |
| 20:15 | Build | House |
| 20:15 | Build | House |
| 20:15 | Build | House |
| 20:15 | Build | House |
| 20:16 | Create | Villager (Male) |
| 20:17 | Create | Villager (Male) |
| 20:24 | Build | Farm |
| 20:26 | Build | Farm |
| 20:27 | Build | Farm |
| 20:29 | Build | Farm |
| 20:33 | Create | Villager (Male) |
| 20:48 | Create | Villager (Male) |
| 21:20 | Research | Thalassocracy |
| 21:22 | Create | Villager (Male) |
| 21:23 | Create | Villager (Male) |
| 21:33 | Build | Dock |
| 21:37 | Build | Dock |
| 21:42 | Build | Dock |
| 21:50 | Create | Scorpion |
| 21:50 | Create | Scorpion |
| 21:51 | Create | Villager (Male) |
| 21:51 | Create | Villager (Male) |
| 21:54 | Research | Fletching |
| 22:18 | Create | Villager (Male) |
| 22:19 | Create | Villager (Male) |
| 22:23 | Build | Farm |
| 22:25 | Build | Farm |
| 22:26 | Build | Farm |
| 22:29 | Create | Villager (Male) |
| 22:30 | Create | Villager (Male) |
| 22:40 | Build | Town Center |
| 22:45 | Create | Villager (Male) |
| 22:45 | Create | Villager (Male) |
| 22:48 | Create | Mangonel |
| 23:14 | Build | Dock |
| 23:16 | Create | Villager (Male) |
| 23:17 | Create | Villager (Male) |
| 23:17 | Create | Villager (Male) |
| 23:23 | Build | House |
| 23:24 | Build | House |
| 23:35 | Create | Villager (Male) |
| 23:36 | Create | Villager (Male) |
| 23:40 | Create | Mangonel |
| 23:40 | Create | Mangonel |
| 23:48 | Create | Villager (Male) |
Build order — volthe25
First 150 of 627 actions detected
| 0:01 | Create | Villager (Male) |
| 0:01 | Create | Villager (Male) |
| 0:01 | Create | Villager (Male) |
| 0:01 | Create | Villager (Male) |
| 0:03 | Build | House |
| 0:05 | Build | House |
| 0:06 | Build | House |
| 1:37 | Create | Villager (Male) |
| 1:37 | Create | Villager (Male) |
| 1:52 | Build | Stone Wall |
| 2:02 | Create | Villager (Male) |
| 2:02 | Create | Villager (Male) |
| 2:17 | Build | Lumber Camp |
| 2:18 | Create | Villager (Male) |
| 2:18 | Create | Villager (Male) |
| 2:45 | Build | Stone Wall |
| 2:48 | Create | Villager (Male) |
| 2:48 | Create | Villager (Male) |
| 3:02 | Create | Villager (Male) |
| 3:02 | Create | Villager (Male) |
| 3:02 | Create | Villager (Male) |
| 3:33 | Create | Villager (Male) |
| 3:33 | Create | Villager (Male) |
| 3:51 | Create | Villager (Male) |
| 3:51 | Create | Villager (Male) |
| 4:16 | Build | Mill |
| 4:35 | Create | Villager (Male) |
| 4:35 | Create | Villager (Male) |
| 4:36 | Create | Villager (Male) |
| 4:57 | Create | Villager (Male) |
| 4:58 | Create | Villager (Male) |
| 5:11 | Research | Double-Bit Axe |
| 5:11 | Research | Double-Bit Axe |
| 5:23 | Create | Villager (Male) |
| 5:23 | Create | Villager (Male) |
| 5:45 | Create | Villager (Male) |
| 5:45 | Create | Villager (Male) |
| 5:45 | Create | Villager (Male) |
| 5:50 | Create | Villager (Male) |
| 5:55 | Build | House |
| 7:04 | Create | Villager (Male) |
| 7:04 | Create | Villager (Male) |
| 7:14 | Create | Villager (Male) |
| 7:23 | Create | Villager (Male) |
| 7:32 | Build | Dock |
| 7:39 | Build | House |
| 7:50 | Create | Villager (Male) |
| 8:25 | Build | Lumber Camp |
| 8:34 | Create | Villager (Male) |
| 8:51 | Build | House |
| 9:21 | Create | Villager (Male) |
| 9:22 | Create | Villager (Male) |
| 9:35 | Create | Fishing Ship |
| 9:37 | Create | Fishing Ship |
| 9:39 | Create | Villager (Male) |
| 10:13 | Build | Mining Camp |
| 10:15 | Create | Villager (Male) |
| 10:37 | Create | Villager (Male) |
| 10:42 | Create | Fishing Ship |
| 11:01 | Build | House |
| 11:03 | Build | House |
| 11:07 | Create | Villager (Male) |
| 11:20 | Create | Villager (Male) |
| 11:47 | Build | Mining Camp |
| 11:53 | Build | Market |
| 12:26 | Create | Villager (Male) |
| 12:37 | Build | Blacksmith |
| 12:46 | Research | Horse Collar |
| 12:48 | Create | Villager (Male) |
| 12:57 | Research | Tech 906 |
| 13:04 | Create | Fishing Ship |
| 13:11 | Research | Castle Age |
| 13:14 | Research | Stone Mining |
| 13:15 | Research | Gold Mining |
| 13:32 | Research | Tech 906 |
| 13:48 | Build | Dock |
| 14:07 | Build | Farm |
| 14:12 | Build | Farm |
| 14:13 | Create | Villager (Male) |
| 14:13 | Create | Villager (Male) |
| 14:24 | Build | Farm |
| 14:29 | Build | Farm |
| 14:30 | Build | Farm |
| 14:44 | Create | Fishing Ship |
| 14:52 | Create | Fishing Ship |
| 14:57 | Create | Fishing Ship |
| 15:59 | Age | Castle Age |
| 16:05 | Build | Stone Wall |
| 16:33 | Build | Town Center |
| 16:39 | Build | Town Center |
| 16:56 | Build | Stone Wall |
| 16:57 | Build | Stone Wall |
| 16:58 | Build | Stone Wall |
| 17:04 | Build | Town Center |
| 17:07 | Create | Villager (Male) |
| 17:07 | Create | Villager (Male) |
| 17:16 | Research | Bow Saw |
| 17:16 | Research | Bow Saw |
| 17:18 | Create | Villager (Male) |
| 17:35 | Research | Wheelbarrow |
| 17:39 | Build | House |
| 17:40 | Build | House |
| 17:42 | Build | House |
| 17:49 | Create | Villager (Male) |
| 18:00 | Create | Villager (Male) |
| 18:00 | Create | Villager (Male) |
| 18:11 | Create | Villager (Male) |
| 18:11 | Create | Villager (Male) |
| 18:11 | Create | Villager (Male) |
| 18:16 | Create | Villager (Male) |
| 18:16 | Create | Villager (Male) |
| 18:16 | Create | Villager (Male) |
| 18:19 | Create | Villager (Male) |
| 18:19 | Create | Villager (Male) |
| 18:31 | Create | Fire Galley |
| 18:36 | Research | War Galley (upgrade) |
| 18:36 | Research | Gillnets |
| 18:40 | Create | Villager (Male) |
| 18:40 | Create | Villager (Male) |
| 18:51 | Create | Villager (Male) |
| 18:59 | Create | Villager (Male) |
| 19:00 | Create | Villager (Male) |
| 19:00 | Create | Villager (Male) |
| 19:02 | Create | Villager (Male) |
| 19:03 | Create | Villager (Male) |
| 19:09 | Build | Farm |
| 19:21 | Create | Fire Galley |
| 19:22 | Create | Fire Galley |
| 19:35 | Create | Fire Galley |
| 19:37 | Create | Fire Galley |
| 19:41 | Create | Fire Galley |
| 19:41 | Create | Fire Galley |
| 19:42 | Create | Fire Galley |
| 19:43 | Create | Villager (Male) |
| 19:43 | Create | Villager (Male) |
| 20:02 | Create | Villager (Male) |
| 20:02 | Create | Villager (Male) |
| 20:02 | Create | Villager (Male) |
| 20:02 | Create | Villager (Male) |
| 20:15 | Create | Fire Galley |
| 20:26 | Create | Fire Galley |
| 20:26 | Create | Fire Galley |
| 20:35 | Create | Villager (Male) |
| 20:35 | Create | Villager (Male) |
| 20:36 | Create | Villager (Male) |
| 20:36 | Create | Villager (Male) |
| 20:46 | Build | House |
| 20:48 | Build | House |
| 20:49 | Build | House |
| 20:53 | Create | Villager (Male) |
Build order — DK | MF
First 150 of 434 actions detected
| 0:00 | Create | Villager (Male) |
| 0:01 | Create | Villager (Male) |
| 0:02 | Build | House |
| 0:03 | Build | House |
| 0:03 | Create | Villager (Male) |
| 0:03 | Create | Villager (Male) |
| 1:02 | Build | Mining Camp |
| 1:27 | Build | Lumber Camp |
| 1:33 | Create | Villager (Male) |
| 2:04 | Create | Villager (Male) |
| 2:36 | Create | Villager (Male) |
| 3:18 | Create | Villager (Male) |
| 4:00 | Create | Villager (Male) |
| 4:09 | Build | Dock |
| 4:35 | Create | Villager (Male) |
| 4:37 | Create | Villager (Male) |
| 4:48 | Create | Fishing Ship |
| 5:03 | Build | House |
| 5:09 | Create | Villager (Male) |
| 5:36 | Create | Fishing Ship |
| 5:57 | Create | Villager (Male) |
| 6:21 | Create | Fishing Ship |
| 6:39 | Build | House |
| 6:42 | Create | Villager (Male) |
| 6:51 | Create | Fishing Ship |
| 7:03 | Create | Villager (Male) |
| 7:38 | Create | Villager (Male) |
| 7:40 | Create | Fishing Ship |
| 8:08 | Build | Dock |
| 8:09 | Create | Villager (Male) |
| 8:13 | Build | House |
| 8:21 | Create | Villager (Male) |
| 8:27 | Research | Wheelbarrow |
| 8:44 | Create | Villager (Male) |
| 8:57 | Create | Fishing Ship |
| 9:05 | Create | Villager (Male) |
| 9:06 | Create | Villager (Male) |
| 9:21 | Create | Fishing Ship |
| 9:29 | Create | Villager (Male) |
| 9:42 | Create | Fishing Ship |
| 9:43 | Create | Villager (Male) |
| 9:50 | Create | Villager (Male) |
| 9:57 | Build | House |
| 10:06 | Research | Double-Bit Axe |
| 10:09 | Create | Villager (Male) |
| 10:09 | Create | Villager (Male) |
| 10:43 | Create | Villager (Male) |
| 10:43 | Create | Villager (Male) |
| 10:44 | Create | Villager (Male) |
| 10:46 | Create | Fishing Ship |
| 10:54 | Create | Fishing Ship |
| 10:55 | Create | Villager (Male) |
| 10:59 | Create | Villager (Male) |
| 11:04 | Create | Villager (Male) |
| 11:05 | Create | Villager (Male) |
| 11:18 | Build | Mining Camp |
| 11:27 | Create | Fishing Ship |
| 11:29 | Create | Villager (Male) |
| 11:30 | Build | House |
| 11:37 | Build | Mill |
| 11:38 | Create | Villager (Male) |
| 11:56 | Create | Fishing Ship |
| 12:12 | Create | Villager (Male) |
| 12:22 | Build | Market |
| 12:42 | Build | Blacksmith |
| 13:02 | Create | Villager (Male) |
| 13:12 | Create | Fishing Ship |
| 13:14 | Create | Fishing Ship |
| 13:33 | Build | House |
| 13:42 | Research | Castle Age |
| 14:04 | Create | Fishing Ship |
| 14:04 | Create | Fishing Ship |
| 14:12 | Research | Tech 906 |
| 14:12 | Research | Tech 906 |
| 14:30 | Research | Fletching |
| 14:46 | Create | Villager (Male) |
| 15:01 | Build | Dock |
| 15:24 | Create | Villager (Male) |
| 15:31 | Research | Gold Mining |
| 16:11 | Create | Villager (Male) |
| 16:15 | Build | House |
| 16:16 | Build | House |
| 16:20 | Build | House |
| 16:21 | Build | House |
| 16:22 | Age | Castle Age |
| 16:24 | Create | Turtle Ship |
| 16:25 | Create | Turtle Ship |
| 16:29 | Create | Turtle Ship |
| 16:29 | Create | Turtle Ship |
| 16:30 | Create | Villager (Male) |
| 16:38 | Create | Villager (Male) |
| 16:49 | Create | Turtle Ship |
| 16:51 | Create | Villager (Male) |
| 17:22 | Create | Turtle Ship |
| 17:46 | Create | Turtle Ship |
| 17:58 | Create | Villager (Male) |
| 18:19 | Create | Villager (Male) |
| 18:25 | Build | House |
| 18:31 | Create | Turtle Ship |
| 18:31 | Create | Turtle Ship |
| 18:39 | Build | Monastery |
| 18:44 | Build | University |
| 19:43 | Research | Imperial Age |
| 19:50 | Create | Fishing Ship |
| 19:50 | Create | Fishing Ship |
| 20:08 | Build | Dock |
| 20:27 | Create | Turtle Ship |
| 20:37 | Research | Bow Saw |
| 21:09 | Create | Turtle Ship |
| 21:11 | Create | Villager (Male) |
| 21:20 | Build | Lumber Camp |
| 21:21 | Create | Villager (Male) |
| 21:39 | Create | Turtle Ship |
| 22:13 | Create | Turtle Ship |
| 22:13 | Create | Turtle Ship |
| 22:18 | Create | Villager (Male) |
| 22:52 | Create | Turtle Ship |
| 22:53 | Age | Imperial Age |
| 22:57 | Create | Villager (Male) |
| 23:24 | Create | Villager (Male) |
| 23:27 | Create | Villager (Male) |
| 23:27 | Create | Villager (Male) |
| 23:29 | Build | Mining Camp |
| 23:32 | Create | Turtle Ship |
| 23:52 | Create | Turtle Ship |
| 24:04 | Create | Villager (Male) |
| 24:05 | Create | Villager (Male) |
| 24:27 | Create | Turtle Ship |
| 24:28 | Create | Turtle Ship |
| 24:28 | Create | Turtle Ship |
| 24:45 | Create | Villager (Male) |
| 24:58 | Create | Turtle Ship |
| 24:59 | Create | Villager (Male) |
| 25:16 | Create | Turtle Ship |
| 25:32 | Create | Turtle Ship |
| 25:33 | Create | Villager (Male) |
| 25:35 | Build | House |
| 25:42 | Build | House |
| 25:45 | Build | House |
| 25:57 | Create | Turtle Ship |
| 26:03 | Create | Villager (Male) |
| 26:57 | Build | Mining Camp |
| 27:13 | Create | Turtle Ship |
| 27:13 | Create | Turtle Ship |
| 27:13 | Create | Turtle Ship |
| 27:49 | Create | Turtle Ship |
| 27:51 | Create | Villager (Male) |
| 28:09 | Create | Turtle Ship |
| 28:20 | Research | Elite Turtle Ship (upgrade) |
| 28:24 | Create | Turtle Ship |
Build order —
First 150 of 1532 actions detected
| 0:00 | Build | House |
| 0:00 | Build | House |
| 0:03 | Build | House |
| 0:13 | Build | Mill |
| 0:31 | Build | Lumber Camp |
| 0:51 | Research | Tech None |
| 3:29 | Research | Tech None |
| 3:43 | Build | House |
| 4:10 | Build | Farm |
| 5:26 | Build | House |
| 5:35 | Build | Archery Range |
| 6:25 | Build | House |
| 7:10 | Build | House |
| 7:31 | Build | Blacksmith |
| 7:47 | Build | Mining Camp |
| 8:17 | Build | Market |
| 8:22 | Build | House |
| 8:39 | Build | Farm |
| 8:46 | Research | Tech None |
| 8:50 | Build | Farm |
| 9:22 | Build | Lumber Camp |
| 9:30 | Build | Barracks |
| 9:36 | Research | Tech None |
| 9:56 | Build | Archery Range |
| 10:01 | Research | Tech None |
| 10:19 | Build | Archery Range |
| 10:23 | Build | House |
| 10:25 | Build | House |
| 10:34 | Build | Farm |
| 11:16 | Create | Skirmisher |
| 11:22 | Create | Skirmisher |
| 11:26 | Research | Tech None |
| 11:27 | Build | Town Center |
| 11:29 | Build | Town Center |
| 12:11 | Research | Tech None |
| 12:13 | Research | Tech None |
| 12:28 | Build | Farm |
| 12:41 | Research | Tech None |
| 13:18 | Research | Tech None |
| 13:18 | Create | Skirmisher |
| 13:18 | Build | Town Center |
| 13:27 | Research | Tech None |
| 13:27 | Create | Skirmisher |
| 13:27 | Build | Town Center |
| 13:46 | Research | Tech None |
| 13:46 | Create | Skirmisher |
| 13:46 | Build | Town Center |
| 13:56 | Research | Tech None |
| 13:56 | Create | Skirmisher |
| 13:56 | Build | Town Center |
| 14:05 | Build | House |
| 14:06 | Build | House |
| 14:14 | Build | Farm |
| 14:22 | Build | Farm |
| 14:26 | Build | Farm |
| 14:28 | Build | House |
| 14:34 | Build | Farm |
| 14:35 | Build | Farm |
| 14:42 | Build | Farm |
| 14:55 | Build | Farm |
| 15:01 | Build | Farm |
| 15:07 | Build | Mill |
| 15:18 | Build | Lumber Camp |
| 15:24 | Build | Farm |
| 15:29 | Build | Farm |
| 15:36 | Build | Farm |
| 15:47 | Build | Farm |
| 15:55 | Build | Dock |
| 16:05 | Build | Monastery |
| 16:09 | Build | Farm |
| 16:16 | Build | House |
| 16:18 | Build | House |
| 16:23 | Build | Farm |
| 16:31 | Build | Dock |
| 16:37 | Build | Farm |
| 16:56 | Build | Farm |
| 17:01 | Build | House |
| 17:02 | Build | House |
| 17:10 | Create | Galley |
| 17:10 | Build | Farm |
| 17:18 | Build | Farm |
| 17:23 | Research | Tech None |
| 17:24 | Build | Farm |
| 17:32 | Build | Lumber Camp |
| 17:35 | Build | House |
| 17:36 | Build | Farm |
| 17:48 | Build | Dock |
| 17:59 | Build | Farm |
| 18:02 | Build | Stable |
| 18:23 | Build | Farm |
| 18:27 | Build | University |
| 18:39 | Create | Monk |
| 18:41 | Build | Farm |
| 18:41 | Build | House |
| 18:42 | Build | Farm |
| 18:44 | Create | Galley |
| 18:44 | Build | House |
| 18:48 | Build | Barracks |
| 18:50 | Research | Tech None |
| 18:56 | Build | Barracks |
| 19:01 | Build | Farm |
| 19:13 | Build | Farm |
| 19:21 | Build | Barracks |
| 19:31 | Research | Tech None |
| 19:32 | Research | Tech None |
| 19:32 | Build | Farm |
| 19:33 | Build | House |
| 19:35 | Build | House |
| 19:40 | Build | Barracks |
| 19:46 | Build | Mining Camp |
| 19:51 | Build | Farm |
| 19:52 | Build | Farm |
| 19:58 | Build | House |
| 20:02 | Create | Galley |
| 20:02 | Build | Stable |
| 20:15 | Research | Tech None |
| 20:17 | Build | Farm |
| 20:22 | Build | Farm |
| 20:24 | Create | Camel Scout |
| 20:24 | Build | Farm |
| 20:29 | Build | Stable |
| 20:35 | Build | House |
| 20:36 | Build | House |
| 20:37 | Build | Farm |
| 20:39 | Build | Farm |
| 20:43 | Research | Tech None |
| 20:53 | Build | Farm |
| 21:01 | Research | Tech None |
| 21:15 | Build | Town Center |
| 21:20 | Research | Tech None |
| 21:31 | Create | Camel Scout |
| 21:33 | Create | Camel Scout |
| 21:37 | Build | Lumber Camp |
| 21:44 | Create | Camel Scout |
| 21:47 | Build | Stable |
| 21:49 | Build | Stable |
| 21:55 | Build | Stable |
| 22:03 | Create | Camel Scout |
| 22:09 | Create | Camel Scout |
| 22:14 | Create | Camel Scout |
| 22:17 | Build | Stable |
| 22:24 | Build | Stable |
| 22:32 | Build | Stable |
| 22:39 | Build | Farm |
| 22:42 | Research | Tech None |
| 22:43 | Create | Camel Scout |
| 22:46 | Build | Farm |
| 22:47 | Build | Farm |
| 22:51 | Create | Camel Scout |
| 22:52 | Create | Camel Scout |
Build order —
First 150 of 1013 actions detected
| 0:00 | Build | House |
| 0:00 | Build | House |
| 0:03 | Build | House |
| 0:31 | Build | Lumber Camp |
| 0:51 | Build | Farm |
| 1:07 | Research | Tech None |
| 2:45 | Build | Mill |
| 3:27 | Research | Tech None |
| 3:30 | Build | House |
| 4:55 | Build | Archery Range |
| 5:13 | Build | House |
| 6:07 | Build | Mining Camp |
| 6:36 | Build | House |
| 7:05 | Build | House |
| 7:18 | Create | Archer |
| 7:31 | Build | Lumber Camp |
| 7:42 | Build | House |
| 8:06 | Build | Barracks |
| 8:21 | Create | Archer |
| 8:36 | Build | Market |
| 8:42 | Create | Archer |
| 8:43 | Build | House |
| 9:03 | Create | Archer |
| 9:07 | Build | Blacksmith |
| 9:28 | Build | Farm |
| 9:31 | Build | Farm |
| 9:37 | Research | Tech None |
| 9:38 | Build | House |
| 9:57 | Build | Archery Range |
| 10:02 | Research | Tech None |
| 10:26 | Research | Tech None |
| 10:29 | Build | Archery Range |
| 11:17 | Create | Archer |
| 11:17 | Create | Skirmisher |
| 11:19 | Create | Skirmisher |
| 11:20 | Create | Skirmisher |
| 11:28 | Build | Farm |
| 11:52 | Build | House |
| 11:52 | Build | House |
| 12:11 | Create | Skirmisher |
| 12:14 | Build | House |
| 12:15 | Build | Farm |
| 12:26 | Research | Tech None |
| 12:29 | Research | Tech None |
| 12:56 | Build | Town Center |
| 13:08 | Research | Tech None |
| 13:08 | Build | Farm |
| 13:10 | Build | House |
| 13:40 | Research | Tech None |
| 13:40 | Build | Farm |
| 13:41 | Build | House |
| 13:42 | Build | House |
| 14:00 | Research | Tech None |
| 14:29 | Build | Town Center |
| 14:34 | Build | Farm |
| 14:44 | Build | Farm |
| 14:46 | Build | Farm |
| 15:03 | Build | Farm |
| 15:07 | Build | Dock |
| 15:08 | Build | Monastery |
| 15:28 | Research | Tech None |
| 15:32 | Build | Dock |
| 15:33 | Build | University |
| 15:40 | Create | Monk |
| 15:44 | Build | Dock |
| 15:45 | Build | Dock |
| 16:10 | Research | Tech None |
| 16:26 | Build | Farm |
| 16:32 | Research | Tech None |
| 16:53 | Build | House |
| 17:04 | Build | Farm |
| 17:09 | Build | Farm |
| 17:12 | Build | Farm |
| 17:13 | Research | Tech None |
| 17:16 | Build | Farm |
| 17:19 | Build | House |
| 17:30 | Build | Farm |
| 17:37 | Build | Lumber Camp |
| 17:41 | Create | Monk |
| 17:42 | Build | Farm |
| 17:46 | Build | House |
| 17:55 | Build | Farm |
| 18:02 | Research | Tech None |
| 18:02 | Build | Mining Camp |
| 18:07 | Build | Farm |
| 18:16 | Build | Farm |
| 18:26 | Build | Farm |
| 18:29 | Build | Farm |
| 18:34 | Build | Farm |
| 18:38 | Build | Farm |
| 18:44 | Build | Farm |
| 18:55 | Build | Farm |
| 18:58 | Build | Farm |
| 19:05 | Build | House |
| 19:07 | Build | Farm |
| 19:12 | Build | Farm |
| 19:23 | Build | Mining Camp |
| 19:31 | Build | Farm |
| 19:51 | Create | Archer |
| 19:53 | Create | Archer |
| 19:53 | Build | House |
| 19:57 | Create | Skirmisher |
| 20:01 | Research | Tech None |
| 20:06 | Build | Farm |
| 20:11 | Build | Farm |
| 20:15 | Create | Cavalry Archer |
| 20:16 | Build | House |
| 20:18 | Build | Farm |
| 20:20 | Create | Cavalry Archer |
| 20:25 | Create | Cavalry Archer |
| 20:32 | Build | Mill |
| 20:37 | Build | Farm |
| 20:43 | Build | House |
| 20:46 | Build | Farm |
| 21:02 | Build | Lumber Camp |
| 21:05 | Build | Farm |
| 21:07 | Research | Tech None |
| 21:12 | Research | Tech None |
| 21:30 | Build | Mill |
| 21:37 | Research | Tech None |
| 21:43 | Research | Tech None |
| 21:52 | Build | Dock |
| 22:05 | Build | Dock |
| 22:06 | Build | Dock |
| 22:07 | Build | Dock |
| 22:11 | Build | Dock |
| 22:17 | Build | Town Center |
| 22:27 | Build | Dock |
| 22:29 | Create | Monk |
| 22:47 | Build | Stable |
| 22:54 | Build | Barracks |
| 23:02 | Build | Castle |
| 23:03 | Build | Mining Camp |
| 23:05 | Build | Castle |
| 23:13 | Build | Dock |
| 23:34 | Build | Market |
| 23:35 | Research | Tech None |
| 23:38 | Build | Barracks |
| 23:44 | Build | Barracks |
| 24:01 | Build | Castle |
| 24:19 | Research | Tech None |
| 24:19 | Build | Market |
| 24:25 | Research | Tech None |
| 24:56 | Research | Tech None |
| 24:56 | Build | Barracks |
| 25:02 | Build | Lumber Camp |
| 25:03 | Research | Tech None |
| 25:08 | Create | Organ Gun |
| 25:12 | Research | Tech None |
| 25:24 | Create | Organ Gun |
Match timeline
| 1:52 | volthe25 · wall_segment Stone Wall x4 |
| 2:45 | volthe25 · wall_segment Stone Wall x4 |
| 2:57 | Iguanarama · wall_segment Stone Wall x12 |
| 4:09 | DK | MF · first_building Dock |
| 4:46 | Akuta · wall_segment Stone Wall x3 |
| 4:52 | Akuta · wall_segment Stone Wall x14 |
| 4:55 | · first_building Archery Range |
| 5:10 | Emzia · wall_segment Stone Wall x11 |
| 5:25 | Akuta · wall_segment Stone Wall x8 |
| 5:35 | · first_building Archery Range |
| 6:02 | Iguanarama · wall_segment Stone Wall x17 |
| 7:09 | Akuta · wall_segment Stone Wall x4 |
| 7:12 | Akuta · wall_segment Stone Wall x16 |
| 7:15 | Akuta · wall_segment Stone Wall x7 |
| 7:32 | volthe25 · first_building Dock |
| 8:06 | · first_building Barracks |
| 8:15 | Emzia · wall_segment Stone Wall x9 |
| 9:08 | · first_market_sell 100 food |
| 9:30 | · first_building Barracks |
| 9:35 | · first_market_sell 100 food |
| 10:35 | Emzia · wall_segment Stone Wall x1 |
| 11:02 | Iguanarama · wall_segment Stone Wall x10 |
| 11:21 | Emzia · wall_segment Stone Wall x8 |
| 11:27 | Emzia · wall_segment Stone Wall x6 |
| 12:04 | Iguanarama · wall_segment Stone Wall x3 |
| 12:13 | Hagbardur · age_up castle |
| 13:21 | Iguanarama · wall_segment Stone Wall x9 |
| 13:39 | DK | MF · first_market_sell 100 stone |
| 13:42 | volthe25 · first_market_buy 100 wood |
| 14:31 | Akuta · first_building Archery Range |
| 15:07 | · first_building Dock |
| 15:08 | · first_building Monastery |
| 15:55 | · first_building Dock |
| 15:59 | volthe25 · age_up castle |
| 16:03 | Emzia · wall_segment Stone Wall x6 |
| 16:05 | volthe25 · wall_segment Stone Wall x2 |
| 16:05 | · first_building Monastery |
| 16:08 | Iguanarama · wall_segment Stone Wall x1 |
| 16:08 | Emzia · wall_segment Stone Wall x6 |
| 16:22 | DK | MF · age_up castle |
| 16:35 | Hagbardur · first_building Castle |
| 16:38 | Iguanarama · age_up castle |
| 16:56 | volthe25 · wall_segment Stone Wall x10 |
| 16:57 | volthe25 · wall_segment Stone Wall x1 |
| 16:58 | volthe25 · wall_segment Stone Wall x1 |
| 17:16 | Hagbardur · first_building Dock |
| 17:33 | Hagbardur · first_building Siege Workshop |
| 18:02 | · first_building Stable |
| 18:08 | Hagbardur · first_building Monastery |
| 18:39 | DK | MF · first_building Monastery |
| 21:06 | Hagbardur · first_market_sell 100 wood |
| 21:10 | Hagbardur · first_market_buy 100 food |
| 21:18 | DK | MF · first_market_buy 100 wood |
| 21:43 | Akuta · age_up castle |
| 22:03 | Emzia · wall_segment Stone Wall x6 |
| 22:32 | Emzia · first_building Stable |
| 22:47 | · first_building Stable |
| 22:53 | DK | MF · age_up imperial |
| 23:02 | · first_building Castle |
| 23:39 | Emzia · wall_segment Stone Wall x3 |
| 23:44 | Emzia · wall_segment Stone Wall x5 |
| 24:10 | Iguanarama · first_building Monastery |
| 24:44 | · first_building Siege Workshop |
| 24:51 | Akuta · first_building Monastery |
| 25:16 | · first_building Castle |
| 25:37 | Iguanarama · first_market_sell 100 food |
| 25:37 | volthe25 · first_market_sell 100 wood |
| 25:44 | Emzia · wall_segment Stone Wall x1 |
| 25:48 | Emzia · age_up castle |
| 26:28 | Iguanarama · first_building Castle |
| 26:36 | Iguanarama · first_building Barracks |
| 26:54 | volthe25 · first_building Castle |
| 26:54 | Emzia · wall_segment Stone Wall x4 |
| 27:52 | Emzia · wall_segment Stone Wall x7 |
| 28:02 | Iguanarama · first_building Stable |
| 28:26 | · first_building Siege Workshop |
| 29:25 | Hagbardur · tribute_sent a jugador 1 |
| 29:25 | Hagbardur · tribute_sent a jugador 2 |
| 29:25 | Hagbardur · tribute_sent a jugador 4 |
| 29:25 | Hagbardur · tribute_sent a jugador 5 |
| 29:25 | Hagbardur · tribute_sent a jugador 6 |
| 29:25 | Hagbardur · tribute_sent a jugador 7 |
| 29:25 | Hagbardur · tribute_sent a jugador 8 |
| 31:19 | Akuta · first_building Castle |
| 31:52 | volthe25 · first_building Barracks |
| 31:55 | volthe25 · first_building Stable |
| 32:01 | Emzia · first_building Castle |
| 32:26 | volthe25 · wall_segment Stone Wall x1 |
| 32:55 | volthe25 · age_up imperial |
| 33:18 | Hagbardur · age_up imperial |
| 33:20 | volthe25 · first_building Archery Range |
| 33:45 | Iguanarama · age_up imperial |
| 34:09 | Akuta · first_building Barracks |
| 34:14 | Akuta · first_building Stable |
| 35:19 | Emzia · first_building Siege Workshop |
| 38:16 | volthe25 · wall_segment Stone Wall x1 |
| 38:27 | Iguanarama · tribute_sent a jugador 1 |
| 38:27 | Iguanarama · tribute_sent a jugador 2 |
| 38:27 | Iguanarama · tribute_sent a jugador 3 |
| 38:27 | Iguanarama · tribute_sent a jugador 5 |
| 38:27 | Iguanarama · tribute_sent a jugador 6 |
| 38:27 | Iguanarama · tribute_sent a jugador 7 |
| 38:27 | Iguanarama · tribute_sent a jugador 8 |
| 39:25 | Iguanarama · first_building Dock |
| 39:57 | Emzia · first_market_sell 100 food |
| 41:13 | Akuta · age_up imperial |
| 41:46 | Hagbardur · first_building Barracks |
| 42:57 | Emzia · age_up imperial |
| 43:35 | Akuta · first_market_sell 500 food |
| 44:15 | Iguanarama · tribute_sent a jugador 1 |
| 44:15 | Iguanarama · tribute_sent a jugador 2 |
| 44:15 | Iguanarama · tribute_sent a jugador 3 |
| 44:15 | Iguanarama · tribute_sent a jugador 5 |
| 44:15 | Iguanarama · tribute_sent a jugador 6 |
| 44:15 | Iguanarama · tribute_sent a jugador 7 |
| 44:15 | Iguanarama · tribute_sent a jugador 8 |
| 45:09 | DK | MF · first_building Barracks |
| 45:37 | Iguanarama · tribute_sent a jugador 1 |
| 45:37 | Iguanarama · tribute_sent a jugador 2 |
| 45:37 | Iguanarama · tribute_sent a jugador 3 |
| 45:37 | Iguanarama · tribute_sent a jugador 5 |
| 45:37 | Iguanarama · tribute_sent a jugador 6 |
| 45:37 | Iguanarama · tribute_sent a jugador 7 |
| 45:37 | Iguanarama · tribute_sent a jugador 8 |
| 47:44 | · first_market_buy 100 stone |
| 48:33 | volthe25 · first_building Siege Workshop |
| 54:35 | Hagbardur · tribute_sent a jugador 1 |
| 54:35 | Hagbardur · tribute_sent a jugador 2 |
| 54:35 | Hagbardur · tribute_sent a jugador 4 |
| 54:35 | Hagbardur · tribute_sent a jugador 5 |
| 54:35 | Hagbardur · tribute_sent a jugador 6 |
| 54:35 | Hagbardur · tribute_sent a jugador 7 |
| 54:35 | Hagbardur · tribute_sent a jugador 8 |
| 54:51 | Iguanarama · tribute_sent a jugador 1 |
| 54:51 | Iguanarama · tribute_sent a jugador 2 |
| 54:51 | Iguanarama · tribute_sent a jugador 3 |
| 54:51 | Iguanarama · tribute_sent a jugador 5 |
| 54:51 | Iguanarama · tribute_sent a jugador 6 |
| 54:51 | Iguanarama · tribute_sent a jugador 7 |
| 54:51 | Iguanarama · tribute_sent a jugador 8 |
| 55:58 | Akuta · tribute_sent a jugador 1 |
| 55:58 | Akuta · tribute_sent a jugador 3 |
| 55:58 | Akuta · tribute_sent a jugador 4 |
| 55:58 | Akuta · tribute_sent a jugador 5 |
| 55:58 | Akuta · tribute_sent a jugador 6 |
| 55:58 | Akuta · tribute_sent a jugador 7 |
| 55:58 | Akuta · tribute_sent a jugador 8 |
| 56:26 | DK | MF · tribute_sent a jugador 1 |
| 56:26 | DK | MF · tribute_sent a jugador 2 |
| 56:26 | DK | MF · tribute_sent a jugador 3 |
| 56:26 | DK | MF · tribute_sent a jugador 4 |
| 56:27 | DK | MF · tribute_sent a jugador 5 |
| 56:27 | DK | MF · tribute_sent a jugador 7 |
| 56:27 | DK | MF · tribute_sent a jugador 8 |
| 56:39 | · resign |
[ AI ANALYSIS · 1 CREDIT ]
What really happened in this match?
Wolo.gg analyzes every decision: build order, eco, micro, common mistakes by bracket. Personalized analysis on WhatsApp or Discord in 30 seconds.
Civ guide
Berbers
Perfil
Jugador #288931